Map: Crête de Lerilak

Players

zidar - Winner!

  • Race: Zerg Zerg
  • League: Silver
  • Spawn Location: 1:00

Torrasque

  • Race: Zerg Zerg
  • Spawn Location: 5:00

VOD

Have the link to the VOD?

Description

Time

  • Played on: Dec. 10, 2015, 8:06 a.m.
  • Length: 3:17
Show
View Real Time Build Order
Export as new Build Order

zidar Zerg - Winner!

Build Orders: Pool Only 

Get SALT Encoding   

  12  0:01  Drone  
  13  0:14  Overlord  
  13  0:21  Drone  
  14  0:29  Extractor  
  14  0:30  Drone  
  14  0:42  Spawning Pool  
  13  1:08  Drone  
  13  1:10  Drone  
  15  1:12  Drone  
  16  1:22  Overlord  
  16  1:28  Metabolic Boost  
  16  1:32  Zergling x2  
  17  1:39  Queen  
  19  1:57  Zergling x4  
  21  2:07  Zergling x2  
  22  2:21  Roach Warren  
  21  2:35  Zergling x4  
  21  2:36  Zergling x2  
  24  2:54  Zergling x2  
  24  2:55  Zergling x6  
Show
View Real Time Build Order
Export as new Build Order

Torrasque Zerg 

Build Orders: Pool First 

Get SALT Encoding   

  12  0:07  Overlord  
  12  0:12  Drone  
  13  0:20  Drone  
  14  0:38  Spawning Pool  
  14  0:39  Extractor  
  14  0:42  Extractor  
  11  0:43  Drone  
  11  0:47  Drone  
  13  0:52  Drone  
  14  0:58  Drone  
  15  1:04  Drone  
  16  1:16  Drone  
  17  1:24  Queen  
  19  1:26  Drone  
  20  1:36  Overlord  
  20  1:49  Drone  
  20  1:51  Metabolic Boost  
  21  1:58  Zergling x2  
  22  2:14  Zergling x2  
  23  2:27  Hatchery  
  22  2:37  Overlord x3  
  23  2:44  Zergling x6  
  24  2:58  Zergling x2  
  25  3:08  Spine Crawler  
Tags
 
Add a new tag
Caveats
  • Supply blocks, unpowered buildings, or Contaminate may cause inaccurate times.
  • Supply counts are checked every 10 seconds.